Map: Submarine LE

Players

Massa - Winner!

  • Race: Terran Terran
  • League: Platinum
  • Spawn Location: 5:00

Fab

  • Race: Protoss Protoss
  • League: Diamond
  • Spawn Location: 11:00

VOD

Have the link to the VOD?

Description

Time

  • Played on: Jan. 27, 2021, 12:24 p.m.
  • Length: 37:45
Show
View Real Time Build Order
Export as new Build Order

Massa Terran - Winner!

Build Orders:  

Get SALT Encoding   

  12  0:00  SCV  
  13  0:12  SCV  
  14  0:18  Supply Depot  
  14  0:24  SCV  
  15  0:40  SCV  
  15  0:41  Barracks  
  16  0:45  Refinery  
  16  0:52  SCV  
  18  1:04  SCV  
  18  1:16  SCV  
  19  1:33  Orbital Command  
  19  1:40  Command Center  
  19  1:46  Barracks Reactor  
  19  2:00  SCV  
  20  2:11  Supply Depot  
  20  2:12  SCV  
  21  2:19  Factory  
  21  2:22  Marine x2  
  23  2:32  SCV  
  24  2:40  Marine x2  
  26  2:44  SCV  
  27  2:55  Engineering Bay  
  27  2:57  Refinery  
  27  2:58  Orbital Command  
  26  2:59  Marine x2  
  28  3:08  SCV  
  29  3:13  Factory Tech Lab  
  29  3:17  Marine x2  
  29  3:19  Starport  
  31  3:20  SCV  
  31  3:23  SCV  
  33  3:32  SCV  
  33  3:33  Missile Turret  
  34  3:39  Cyclone  
  34  3:40  Marine  
  34  3:41  Marine  
  37  3:59  Starport Tech Lab  
  37  4:11  Hellion  
  37  4:23  Missile Turret  
  37  4:24  Banshee  
  35  4:27  SCV x2  
  37  4:39  SCV x2  
  39  4:48  Widow Mine  
  39  4:51  SCV  
  42  4:53  SCV  
  43  5:03  SCV  
  43  5:05  SCV  
  45  5:15  Supply Depot  
  45  5:36  Banshee  
  48  5:43  Cloaking Field  
  48  5:47  Widow Mine  
  50  5:51  Marine x2  
  50  5:56  SCV x2  
  54  5:58  Command Center  
  54  6:05  Supply Depot x2  
  54  6:13  Barracks  
  54  6:26  SCV x2, Marine x2, Siege Tank  
  54  6:29  Refinery  
  54  6:30  Refinery  
  61  6:33  Terran Infantry Weapons Level 1  
  61  6:38  SCV x2  
  63  6:44  Marine x2  
  65  6:50  SCV x2  
  67  7:00  Cyclone  
  70  7:03  Barracks Tech Lab  
  70  7:10  SCV x2, Barracks, Marine x2  
  70  7:12  Barracks x2  
  74  7:22  SCV x2  
  76  7:27  Marine  
  71  7:34  SCV x2  
  69  7:48  SCV x2  
  71  7:58  Stimpack  
  71  7:59  Barracks Reactor  
  71  8:00  Barracks Reactor, SCV  
  71  8:01  SCV  
  71  8:05  Factory  
  73  8:09  Siege Tank  
  76  8:13  SCV  
  77  8:21  Factory  
  77  8:22  Starport Reactor  
  77  8:28  Terran Infantry Armor Level 1, Marine  
  77  8:29  Marine  
  77  8:30  Marine  
  77  8:32  Barracks Tech Lab  
  80  8:37  Marine x3  
  80  8:39  Orbital Command  
  80  8:41  SCV x2  
  85  8:47  Missile Turret  
  85  8:48  Sensor Tower  
  85  8:57  Armory, Supply Depot x2  
  85  8:58  Supply Depot x2  
  85  9:02  Supply Depot  
  85  9:03  Sensor Tower  
  85  9:09  Factory Reactor, Missile Turret  
  85  9:18  SCV x3, Marine x3, Medivac x2  
  85  9:23  Supply Depot  
  95  9:30  SCV x3  
  98  9:37  Starport  
  98  9:42  SCV x3  
  101  9:48  Medivac x2, Combat Shield  
  101  9:49  Engineering Bay, Concussive Shells  
  101  9:52  Smart Servos  
  105  9:54  SCV  
  106  10:01  SCV x2  
  106  10:02  Refinery  
  106  10:06  Refinery  
  108  10:08  SCV  
  108  10:13  SCV  
  108  10:14  SCV  
  111  10:20  SCV  
  112  10:21  Terran Infantry Weapons Level 2  
  112  10:25  SCV  
  112  10:26  SCV  
  114  10:29  Thor  
  114  10:32  SCV, Starport Tech Lab  
  114  10:33  Command Center  
  121  10:53  Marine  
  121  10:54  Marine x7  
  129  11:00  Widow Mine x2  
  133  11:16  Missile Turret  
  133  11:19  Command Center  
  133  11:28  Supply Depot  
  133  11:37  Missile Turret  
  133  11:38  Supply Depot  
  133  11:40  Supply Depot  
  133  11:44  Raven, Marine x4, Thor  
  133  11:45  Terran Infantry Armor Level 2, SCV x3  
  133  11:46  Supply Depot  
  148  11:49  Marine x2, Thor  
  148  11:52  Orbital Command  
  156  11:59  Marine x2, Supply Depot  
  156  12:00  SCV x2, Medivac x2  
  164  12:02  Widow Mine x2, SCV  
  164  12:03  Supply Depot  
  164  12:04  Supply Depot  
  164  12:05  Supply Depot  
  164  12:07  Supply Depot  
  164  12:08  Supply Depot  
  169  12:10  Supply Depot  
  169  12:17  Marine, Terran Vehicle Weapons Level 1  
  170  12:23  Widow Mine x2  
  170  12:25  Ghost Academy  
  170  12:27  Medivac, Thor  
  170  12:29  Medivac  
  182  12:32  Thor  
  182  12:35  Supply Depot  
  190  12:40  Planetary Fortress  
  190  12:42  SCV x3  
  190  12:43  SCV  
  194  12:45  Refinery  
  194  12:49  Refinery, Marine x6  
  200  12:59  Drilling Claws  
  200  13:07  Missile Turret  
  200  13:20  Command Center  
  200  13:25  Command Center  
  200  13:28  Missile Turret  
  172  13:51  Missile Turret  
  172  13:54  Marine x8  
  149  14:02  Medivac x2  
  108  14:03  Medivac  
  108  14:09  Thor x2  
  106  14:10  Widow Mine x2  
  106  14:11  Marine  
  106  14:12  Marine x7  
  116  14:17  Missile Turret x2  
  116  14:18  Missile Turret  
  116  14:19  Missile Turret  
  116  14:27  Enhanced Shockwaves  
  116  14:29  Marine  
  116  14:30  Marine  
  116  14:31  Marauder x2  
  122  14:32  Widow Mine x2, Viking, Medivac x2  
  122  14:34  Marine x4  
  122  14:36  Missile Turret  
  136  14:42  Orbital Command  
  136  14:47  Marine  
  136  14:48  Marine  
  136  14:51  Marine  
  136  14:52  Marauder, Marine x4, Thor x2  
  155  14:59  Terran Infantry Weapons Level 3  
  157  15:01  Terran Infantry Armor Level 3  
  157  15:02  Viking x3  
  157  15:04  Terran Vehicle Weapons Level 2  
  157  15:05  Marine x2  
  165  15:09  Marine x2  
  165  15:10  Marine  
  168  15:23  Marine  
  169  15:32  Medivac x3  
  169  15:34  Thor  
  181  15:43  SCV  
  181  15:44  SCV x4  
  186  16:04  Command Center  
  186  16:08  Marine x6  
  186  16:09  Marauder, Marine  
  195  16:12  Widow Mine x2  
  197  16:26  Marine x2  
  197  16:31  Marauder  
  197  16:55  Marauder  
  197  16:56  Marine  
  200  17:02  Personal Cloaking  
  200  17:21  Terran Vehicle And Ship Armor Level 1  
  200  17:36  Hi-Sec Auto Tracking  
  200  17:38  Neosteel Armor  
  177  18:25  Marine x8  
  177  18:26  Thor x2  
  150  18:27  Widow Mine x2, Nuke  
  122  18:34  Medivac  
  122  18:35  Medivac x2  
  121  18:42  Marine  
  121  18:43  Marine x3  
  121  18:44  Marauder x2  
  121  18:45  Barracks x2  
  121  18:46  Barracks  
  121  18:47  Barracks  
  129  18:49  Widow Mine  
  129  18:51  Missile Turret  
  129  18:52  Missile Turret  
  129  18:54  Planetary Fortress  
  131  18:58  SCV  
  132  19:04  Medivac x2  
  132  19:09  Thor x2  
  148  19:12  Missile Turret  
  148  19:14  Missile Turret  
  148  19:15  Widow Mine  
  148  19:16  Widow Mine  
  149  19:24  Factory  
  149  19:30  Refinery  
  149  19:32  Refinery  
  149  19:33  Barracks  
  149  19:35  Barracks  
  149  19:37  Widow Mine x2  
  149  19:47  Missile Turret x2  
  149  19:48  Missile Turret x2  
  149  19:52  Thor x2  
  161  19:58  Widow Mine  
  111  20:20  Factory Tech Lab  
  93  20:24  Barracks Reactor x6  
  93  20:25  Marine x3  
  93  20:26  Marine x5  
  99  20:33  Missile Turret  
  99  20:34  Missile Turret  
  99  20:35  Missile Turret x3, Thor x2  
  110  20:36  Missile Turret  
  110  20:37  Missile Turret x3  
  110  20:40  SCV x3  
  110  20:41  SCV x2  
  115  20:43  Marine x2  
  117  20:53  SCV x3  
  117  21:01  Marine x2  
  116  21:06  Medivac  
  116  21:07  Medivac  
  116  21:09  Marine x9  
  116  21:10  Barracks, Marine x3  
  131  21:11  Barracks  
  131  21:12  Barracks  
  131  21:15  Barracks  
  131  21:17  Factory  
  131  21:18  Marine  
  131  21:19  Marine  
  131  21:21  Factory, Supply Depot  
  131  21:22  Supply Depot  
  131  21:23  Supply Depot  
  131  21:24  Supply Depot  
  133  21:26  Supply Depot  
  133  21:27  Marine x9  
  141  21:45  Supply Depot  
  132  21:47  Marine, Supply Depot  
  132  21:49  Supply Depot x2  
  132  21:51  Supply Depot  
  123  22:08  Supply Depot  
  123  22:09  Marine x3  
  123  22:10  Marine x2  
  123  22:11  Marine x7  
  123  22:12  Supply Depot  
  123  22:13  Marine x4  
  123  22:15  Factory Tech Lab x3  
  134  22:16  Supply Depot  
  134  22:17  Supply Depot  
  134  22:18  Supply Depot  
  133  22:28  Marine x4  
  133  22:29  Marine x3  
  133  22:30  Marine  
  133  22:31  Marine x4  
  127  22:41  Supply Depot x2  
  127  22:42  Supply Depot x2  
  115  23:05  Supply Depot  
  112  23:09  Supply Depot  
  112  23:10  Supply Depot x2  
  97  23:21  Marine  
  97  23:22  Marine x7  
  105  23:31  Supply Depot  
  105  23:34  Supply Depot  
  105  23:35  Armory  
  105  23:37  Supply Depot  
  105  23:38  Refinery  
  105  23:39  Marine x4  
  110  23:41  Refinery  
  103  24:08  Command Center  
  103  24:17  Marine  
  103  24:18  Marine  
  103  24:20  Widow Mine x2  
  84  24:37  Marine  
  84  24:38  Marine x3  
  68  24:41  Thor  
  68  24:44  Thor  
  70  24:55  Marine  
  70  24:56  Marine x3  
  74  25:13  Marine  
  74  25:14  Barracks x3, Factory, Marine x2  
  75  25:15  Command Center  
  75  25:16  Barracks, Factory  
  75  25:17  Barracks  
  77  25:23  Marine, Supply Depot  
  77  25:24  Supply Depot  
  77  25:27  Thor  
  84  25:31  Marine x3, Command Center  
  81  25:39  Factory  
  81  25:40  Factory  
  81  25:41  Marine  
  81  25:42  Starport, Armory  
  76  25:48  Supply Depot  
  76  25:49  Marine x2, Supply Depot  
  76  25:50  Marine  
  67  25:59  Marine  
  66  26:06  Marine  
  66  26:07  Marine x2  
  60  26:12  Supply Depot  
  60  26:17  Marine  
  61  26:20  Supply Depot  
  61  26:23  Engineering Bay  
  61  26:24  Orbital Command, Marine  
  61  26:25  Supply Depot x2  
  63  26:31  SCV x2  
  65  26:33  Supply Depot  
  65  26:36  Thor x2  
  76  26:43  SCV x2  
  75  26:48  Supply Depot  
  75  26:54  Factory Tech Lab x4  
  75  26:55  SCV x2  
  75  26:59  Barracks Reactor x2, Barracks Tech Lab  
  75  27:01  Barracks Reactor x2, Starport Reactor  
  77  27:07  SCV  
  78  27:09  Orbital Command  
  78  27:13  Marine x2  
  72  27:19  SCV  
  79  27:25  SCV x2  
  79  27:26  Missile Turret x2  
  79  27:27  Missile Turret  
  81  27:31  Refinery, SCV, Marine x2  
  81  27:33  Refinery  
  84  27:37  SCV x2  
  84  27:43  SCV  
  87  27:46  Missile Turret x2  
  87  27:48  Missile Turret  
  87  27:49  Marine x2  
  87  27:50  Marine x9  
  82  28:07  Marine x3  
  82  28:08  Marine x5  
  86  28:15  Marine  
  86  28:16  Marine x2  
  88  28:24  Marine  
  88  28:25  Marine x3  
  90  28:34  Marine  
  90  28:35  Engineering Bay, Marine x6  
  97  28:42  Marine x2  
  97  28:43  Marine x2  
  97  28:47  Medivac x2  
  105  28:52  Marine  
  105  28:53  Marine x4  
  110  29:02  Marine x5  
  114  29:04  Thor x3  
  131  29:10  Marine  
  131  29:11  Marine x2  
  126  29:41  Supply Depot  
  126  29:43  Supply Depot  
  126  29:44  Supply Depot x2  
  126  29:45  Supply Depot  
  126  29:46  Supply Depot  
  126  29:50  Command Center  
  126  30:02  Medivac x2  
  118  30:28  Marine  
  118  30:29  Marine x8  
  118  30:32  Medivac x2  
  131  30:46  Marine  
  128  30:53  Terran Vehicle Weapons Level 3  
  123  31:02  Medivac  
  121  31:10  SCV x2  
  123  31:22  SCV x2  
  124  31:34  SCV  
  102  31:49  Command Center  
  94  31:58  Orbital Command  
  94  32:05  Medivac x2  
  98  32:10  Command Center  
  97  32:37  Command Center  
  97  32:48  Widow Mine x4  
  100  33:55  Orbital Command  
  99  34:23  Command Center  
  93  35:20  Orbital Command  
  93  35:25  Supply Depot  
  93  35:26  Supply Depot x2  
  93  35:34  SCV  
  94  35:43  Orbital Command  
  94  35:47  SCV  
  95  35:50  Supply Depot  
  95  35:51  Supply Depot  
  95  35:59  SCV  
  96  36:06  Refinery  
  96  36:09  Barracks  
  96  36:11  SCV, Barracks  
  97  36:14  Barracks  
  97  36:23  SCV  
  90  36:50  SCV x3  
  93  37:02  SCV x2  
  93  37:03  Orbital Command  
  93  37:08  Factory  
  94  37:11  Factory  
  94  37:13  Barracks Reactor x2  
  94  37:14  Barracks Reactor  
  94  37:19  Engineering Bay  
Show
View Real Time Build Order
Export as new Build Order

Fab Protoss 

Build Orders: Oracle Opening 

Get SALT Encoding   

  12  0:01  Probe  
  13  0:16  Pylon  
  13  0:19  Probe (Chrono Boost)  
  15  0:30  Probe (Chrono Boost)  
  15  0:35  Probe (Chrono Boost)  
  15  0:39  Gateway  
  16  0:45  Probe  
  16  0:47  Assimilator  
  17  0:57  Probe (Chrono Boost)  
  17  0:59  Assimilator  
  17  1:03  Pylon  
  18  1:09  Probe (Chrono Boost)  
  19  1:16  Probe (Chrono Boost)  
  20  1:24  Probe  
  21  1:27  Cybernetics Core  
  21  1:36  Probe  
  22  1:48  Probe  
  23  2:04  Stargate  
  23  2:05  Stalker  
  25  2:11  Forge  
  25  2:20  Nexus  
  25  2:28  Pylon  
  25  2:45  Oracle (Chrono Boost)  
  28  2:54  Photon Cannon  
  28  2:55  Shield Battery  
  28  2:58  Probe  
  29  3:10  Probe  
  29  3:12  Oracle (Chrono Boost)  
  33  3:22  Probe  
  34  3:35  Probe  
  34  3:36  Probe  
  36  3:48  Probe  
  37  3:54  Void Ray  
  37  4:00  Probe  
  37  4:01  Probe  
  43  4:12  Probe  
  43  4:13  Probe  
  45  4:24  Probe  
  45  4:25  Probe  
  45  4:31  Void Ray  
  47  4:36  Probe  
  47  4:37  Probe  
  53  4:48  Probe  
  53  4:49  Assimilator  
  54  4:53  Pylon  
  54  4:54  Assimilator  
  54  4:57  Shield Battery  
  51  5:01  Probe  
  51  5:03  Photon Cannon  
  52  5:08  Void Ray  
  52  5:11  Probe  
  52  5:13  Probe  
  58  5:23  Probe  
  58  5:25  Probe  
  58  5:28  Pylon  
  60  5:35  Probe  
  61  5:37  Probe  
  61  5:38  Shield Battery  
  62  5:43  Shield Battery  
  62  5:47  Probe  
  62  5:48  Pylon  
  62  5:49  Protoss Shields Level 1  
  63  5:51  Void Ray  
  63  6:01  Pylon  
  67  6:10  Pylon  
  67  6:16  Protoss Air Weapons Level 1  
  67  6:18  Stargate  
  67  6:21  Stargate  
  67  6:24  Photon Cannon  
  67  6:27  Shield Battery  
  67  6:28  Void Ray  
  67  6:32  Photon Cannon  
  67  6:34  Shield Battery  
  67  6:38  Photon Cannon  
  71  6:41  Shield Battery  
  71  6:48  Twilight Council  
  71  6:51  Probe  
  72  7:01  Pylon  
  72  7:03  Probe  
  72  7:05  Nexus  
  72  7:06  Void Ray x3  
  73  7:08  Pylon  
  73  7:12  Pylon  
  84  7:15  Probe  
  84  7:28  Probe  
  85  7:40  Probe  
  86  7:46  Void Ray  
  86  7:52  Oracle  
  86  7:54  Photon Cannon  
  93  7:59  Assimilator  
  93  8:02  Shield Battery  
  93  8:03  Probe  
  94  8:09  Photon Cannon  
  94  8:10  Shield Battery  
  94  8:11  Protoss Shields Level 2  
  94  8:15  Probe  
  94  8:17  Photon Cannon  
  94  8:18  Assimilator  
  95  8:25  Protoss Air Armor Level 1  
  95  8:27  Probe  
  96  8:34  Void Ray x2  
  96  8:37  Probe  
  96  8:39  Probe  
  106  8:45  Probe  
  107  8:51  Probe  
  107  8:55  Shield Battery  
  108  8:57  Probe, Photon Cannon  
  109  9:03  Probe  
  109  9:08  Shield Battery  
  109  9:09  Probe  
  111  9:10  Photon Cannon  
  111  9:16  Void Ray x3  
  111  9:19  Probe  
  124  9:27  Fleet Beacon  
  124  9:37  Robotics Facility  
  124  9:44  Photon Cannon  
  124  9:51  Photon Cannon, Shield Battery  
  124  9:53  Shield Battery  
  124  9:55  Photon Cannon, Void Ray  
  124  9:56  Void Ray  
  132  10:07  Pylon  
  132  10:14  Pylon  
  132  10:19  Void Ray  
  132  10:27  Robotics Bay  
  136  10:30  Photon Cannon  
  136  10:33  Photon Cannon  
  136  10:34  Shield Battery  
  136  10:37  Shield Battery, Protoss Air Weapons Level 2 (Chrono Boost)  
  136  10:38  Protoss Shields Level 3  
  136  10:41  Nexus  
  136  10:44  Pylon  
  136  10:48  Photon Cannon  
  136  10:54  Shield Battery  
  136  10:56  Shield Battery  
  144  11:05  Photon Cannon, Mothership (Chrono Boost)  
  144  11:08  Assimilator  
  144  11:12  Assimilator  
  144  11:16  Pylon  
  144  11:21  Photon Cannon, Extended Thermal Lance  
  144  11:24  Colossus  
  150  11:30  Probe (Chrono Boost)  
  151  11:35  Shield Battery  
  151  11:42  Probe (Chrono Boost)  
  152  11:49  Probe (Chrono Boost)  
  153  11:56  Probe, Tempest x2, Shield Battery  
  153  11:57  Tempest  
  153  12:00  Probe  
  170  12:08  Probe (Chrono Boost)  
  170  12:13  Probe (Chrono Boost)  
  172  12:20  Probe (Chrono Boost)  
  173  12:25  Probe (Chrono Boost)  
  173  12:26  Colossus  
  180  12:38  Pylon  
  180  12:52  Pylon  
  180  12:55  Pylon  
  180  12:56  Probe x2  
  182  13:03  Protoss Air Armor Level 2  
  182  13:04  Carrier  
  188  13:06  Stargate  
  188  13:09  Pylon  
  188  13:10  Probe, Carrier  
  195  13:14  Photon Cannon  
  195  13:16  Shield Battery  
  195  13:19  Photon Cannon  
  195  13:22  Shield Battery  
  195  13:37  Protoss Ground Weapons Level 1  
  195  13:43  Pylon  
  149  14:13  Void Ray x4  
  149  14:16  Mothership  
  149  14:17  Colossus  
  179  14:24  Nexus  
  179  14:26  Shield Battery  
  179  14:29  Shield Battery  
  179  14:30  Photon Cannon  
  179  14:32  Photon Cannon  
  179  14:35  Photon Cannon  
  179  14:39  Photon Cannon  
  179  14:42  Assimilator  
  179  14:48  Photon Cannon  
  179  14:50  Void Ray x3, Assimilator  
  179  14:51  Void Ray  
  179  14:55  Photon Cannon  
  195  15:13  Photon Cannon  
  195  15:14  Shield Battery  
  195  15:16  Photon Cannon  
  195  15:18  Shield Battery  
  195  15:27  Void Ray  
  199  15:41  Protoss Air Weapons Level 3  
  199  15:45  Protoss Ground Armor Level 1  
  199  15:51  Pylon  
  199  15:53  Pylon  
  199  16:17  Photon Cannon  
  199  16:19  Photon Cannon  
  199  16:20  Photon Cannon  
  199  16:22  Shield Battery  
  196  17:07  Shield Battery  
  196  17:10  Photon Cannon, Void Ray  
  196  17:15  Shield Battery  
  196  17:21  Stargate  
  200  17:26  Stargate  
  200  17:31  Pylon  
  199  18:12  Photon Cannon  
  199  18:14  Photon Cannon  
  195  18:38  Pylon  
  195  18:51  Photon Cannon  
  195  18:53  Photon Cannon  
  195  18:56  Photon Cannon  
  188  20:09  Void Ray x2  
  188  20:15  Oracle  
  188  20:21  Protoss Ground Armor Level 2  
  199  20:44  Protoss Air Armor Level 3  
  199  21:22  Nexus  
  196  21:59  Void Ray  
  196  22:01  Void Ray  
  191  22:44  Nexus  
  191  22:54  Protoss Ground Weapons Level 2  
  126  24:23  Void Ray  
  126  24:25  Void Ray  
  126  24:28  Tempest  
  126  24:29  Tempest x2  
  123  24:31  Void Ray  
  74  24:54  Mothership (Chrono Boost)  
  82  25:00  Void Ray  
  82  25:02  Void Ray  
  82  25:05  Void Ray  
  82  25:06  Colossus, Void Ray x2  
  92  25:08  Void Ray  
  108  25:18  Stargate  
  112  25:28  Protoss Ground Armor Level 3  
  112  25:31  Pylon  
  112  25:33  Pylon  
  112  25:37  Pylon, Void Ray  
  112  25:39  Void Ray  
  112  25:42  Void Ray  
  112  25:43  Void Ray x2  
  112  25:45  Void Ray  
  118  25:59  Colossus  
  115  26:14  Void Ray  
  115  26:17  Void Ray  
  115  26:19  Void Ray  
  115  26:20  Void Ray  
  115  26:21  Void Ray  
  115  26:22  Void Ray  
  115  26:23  Void Ray  
  142  26:37  Photon Cannon  
  142  26:40  Photon Cannon  
  142  26:42  Shield Battery  
  138  26:51  Void Ray  
  138  26:54  Void Ray  
  138  26:56  Shield Battery  
  146  27:21  Pylon  
  146  27:33  Void Ray x2  
  154  27:58  Void Ray x2  
  154  28:02  Void Ray  
  154  28:48  Pylon  
  154  29:09  Void Ray x2  
  154  29:13  Void Ray  
  141  30:48  Void Ray  
  133  30:50  Void Ray  
  133  30:53  Void Ray x2  
  133  30:55  Void Ray  
  100  31:52  Zealot  
  50  32:19  Zealot  
  48  32:43  Photon Cannon  
  48  32:46  Zealot (Chrono Boost)  
  50  33:09  Shield Battery  
  50  33:10  Zealot (Chrono Boost)  
  50  33:12  Shield Battery  
  51  33:13  Photon Cannon  
  50  33:30  Zealot  
  21  34:55  Pylon  
  21  35:13  Pylon  
  21  35:23  Pylon  
  21  35:38  Pylon  
  21  35:53  Pylon  
  21  36:07  Pylon  
  21  36:37  Pylon  
  21  36:49  Pylon  
Tags
 
Add a new tag
Caveats
  • Supply blocks, unpowered buildings, or Contaminate may cause inaccurate times.
  • Supply counts are checked every 10 seconds.